General information
- name: BNet
- type: Ladder team game (AT/RT)
- host: Battle.net
- saver: lllove
map: DragonFalls
- players: 8
- length: 32:12
- speed: Fast
- version: 1.26 W3XP
- replay type: Public
» download(319 KB)
Players
team 1 (winner)
merch1703 (
orange | 54 APM | 1747 actions | 32:11)
6 Death Knight
3 Death Coil
2 Unholy Aura
1 Death Pact
5 Lich
3 Frost Nova
2 Frost Armor
» actions
| Assign group hotkey | 19 | |
| Basic commands | 1 | |
| Build / train | 77 | |
| Enter build submenu | 26 | |
| Enter hero's abilities submenu | 11 | |
| Give item / drop item | 4 | |
| Remove unit from queue | 1 | |
| Right click | 1202 | |
| Select / deselect | 232 | |
| Select group hotkey | 43 | |
| Use ability | 131 | |
1747 total
» units
| Acolyte | 7 | |
| Ghoul | 4 | |
| Crypt Fiend | 10 | |
| Frost Wyrm | 10 | |
31 total
» upgrades
| Web | 1 | |
| Creature Attack | 3 | |
| Freezing Breath | 1 | |
| Creature Carapace | 2 | |
7 total
» buildings
| Crypt | 1 | |
| Ziggurat | 9 | |
| Altar of Darkness | 1 | |
| Graveyard | 1 | |
| Tomb of Relics | 1 | |
| Halls of the Dead | 1 | |
| Necropolis | 1 | |
| Black Citadel | 1 | |
| Sacrificial Pit | 1 | |
| Spirit Tower | 2 | |
| Boneyard | 4 | |
23 total
» build order
00:41 Crypt
00:45 Ziggurat
00:51 Altar of Darkness
01:07 Graveyard
01:21 Ziggurat
01:34 Tomb of Relics
04:02 Halls of the Dead
04:24 Ziggurat
05:14 Ziggurat
05:49 Necropolis
06:12 Ziggurat
06:15 Ziggurat
06:17 Ziggurat
06:18 Ziggurat
06:38 Black Citadel
06:41 Sacrificial Pit
07:23 Ziggurat
07:26 Spirit Tower
07:51 Spirit Tower
09:04 Boneyard
09:05 Boneyard
09:22 Boneyard
09:23 Boneyard
» items
| Rod of Necromancy | 1 | |
| Scroll of Town Portal | 4 | |
| Potion of Mana | 7 | |
| Potion of Healing | 4 | |
| Scroll of Regeneration | 2 | |
| Scroll of Speed | 2 | |
20 total
418 (
teal | 101 APM | 3249 actions | 32:11)
5 Archmage
3 Summon Water Elemental
2 Brilliance Aura
4 Mountain King
2 Storm Bolt
2 Thunder Clap
2 Paladin
1 Holy Light
1 Devotion Aura
» actions
| Assign group hotkey | 56 | |
| Basic commands | 181 | |
| Build / train | 143 | |
| ESC pressed | 3 | |
| Enter build submenu | 40 | |
| Enter hero's abilities submenu | 11 | |
| Give item / drop item | 10 | |
| Remove unit from queue | 1 | |
| Right click | 1271 | |
| Select / deselect | 837 | |
| Select group hotkey | 552 | |
| Use ability | 144 | |
3249 total
» units
| Peasant | 30 | |
| Footman | 10 | |
| Goblin Shredder | 1 | |
| Gryphon Rider | 4 | |
| Mortar Team | 8 | |
| Flying Machine | 27 | |
80 total
» upgrades
| Masonry | 4 | |
| Lumber Harvesting | 2 | |
| Swords | 2 | |
| Armor | 1 | |
| Animal War Training | 1 | |
| Storm Hammers | 1 | |
| Fragmentation Shards | 1 | |
| Flare | 1 | |
| Flak Cannons | 1 | |
| Gunpowder | 3 | |
| Plating | 3 | |
20 total
» buildings
| Altar of Kings | 1 | |
| Barracks | 1 | |
| Farm | 11 | |
| Arcane Vault | 1 | |
| Lumber Mill | 2 | |
| Town Hall | 2 | |
| Scout Tower | 12 | |
| Guard Tower | 6 | |
| Keep | 1 | |
| Blacksmith | 1 | |
| Castle | 1 | |
| Gryphon Aviary | 4 | |
| Workshop | 2 | |
45 total
» build order
00:09 Altar of Kings
00:20 Barracks
00:29 Farm
00:46 Farm
01:48 Farm
02:35 Farm
03:27 Arcane Vault
03:45 Lumber Mill
04:47 Town Hall
04:51 Scout Tower
04:51 Scout Tower
04:53 Scout Tower
04:55 Scout Tower
04:56 Scout Tower
05:03 Farm
05:05 Scout Tower
05:07 Scout Tower
05:19 Guard Tower
05:22 Guard Tower
05:26 Guard Tower
05:40 Guard Tower
06:29 Keep
06:31 Guard Tower
06:42 Lumber Mill
08:07 Blacksmith
08:52 Castle
08:56 Gryphon Aviary
08:58 Gryphon Aviary
09:00 Farm
09:27 Gryphon Aviary
10:49 Gryphon Aviary
10:51 Farm
10:54 Scout Tower
10:55 Scout Tower
10:57 Scout Tower
10:59 Scout Tower
11:00 Scout Tower
11:41 Guard Tower
12:52 Workshop
12:55 Workshop
14:36 Farm
14:37 Farm
14:37 Farm
15:54 Farm
31:18 Town Hall
» items
| Boots of Speed | 1 | |
| Circlet of Nobility | 4 | |
| Scroll of Town Portal | 3 | |
| Periapt of Vitality | 1 | |
| Potion of Lesser Invulnerability | 1 | |
| Scroll of Healing | 2 | |
| Scroll of Protection | 1 | |
| Orb of Fire | 3 | |
| Staff of Sanctuary | 1 | |
| Orb of Lightning | 1 | |
| Potion of Mana | 1 | |
| Potion of Healing | 1 | |
20 total
lllove (
pink | 56 APM | 1813 actions | 32:12)
5 Blood Mage
3 Flame Strike
2 Siphon Mana
» actions
| Assign group hotkey | 91 | |
| Basic commands | 23 | |
| Build / train | 104 | |
| Enter build submenu | 34 | |
| Enter hero's abilities submenu | 5 | |
| Give item / drop item | 1 | |
| Right click | 973 | |
| Select / deselect | 318 | |
| Select group hotkey | 149 | |
| Use ability | 115 | |
1813 total
» units
| Peasant | 24 | |
| Footman | 5 | |
| Sorceress | 7 | |
| Goblin Sapper | 5 | |
| Goblin Zeppelin | 1 | |
| Green Dragon | 4 | |
46 total
» upgrades
| Sorceress Training | 1 | |
| Magic Sentry | 1 | |
| Lumber Harvesting | 1 | |
| Masonry | 2 | |
5 total
» buildings
| Altar of Kings | 1 | |
| Barracks | 1 | |
| Farm | 5 | |
| Scout Tower | 22 | |
| Arcane Tower | 1 | |
| Lumber Mill | 1 | |
| Arcane Vault | 1 | |
| Keep | 1 | |
| Town Hall | 1 | |
| Arcane Sanctum | 1 | |
| Guard Tower | 5 | |
40 total
» build order
00:49 Altar of Kings
00:53 Barracks
00:55 Farm
01:04 Farm
01:10 Farm
01:34 Farm
02:17 Scout Tower
03:02 Arcane Tower
03:33 Lumber Mill
04:19 Arcane Vault
04:21 Keep
04:26 Town Hall
05:48 Scout Tower
05:48 Scout Tower
06:55 Arcane Sanctum
07:17 Scout Tower
07:18 Scout Tower
07:19 Scout Tower
07:20 Scout Tower
07:20 Scout Tower
07:47 Guard Tower
08:52 Guard Tower
09:33 Scout Tower
09:34 Scout Tower
11:32 Guard Tower
12:27 Scout Tower
12:28 Scout Tower
12:28 Scout Tower
15:01 Scout Tower
15:01 Scout Tower
15:02 Scout Tower
15:02 Scout Tower
15:02 Scout Tower
15:03 Scout Tower
15:05 Scout Tower
15:34 Guard Tower
19:18 Guard Tower
23:53 Farm
» items
| Healing Salve | 2 | |
| Scroll of Town Portal | 11 | |
| Mechanical Critter | 2 | |
| Potion of Invisibility | 4 | |
| Potion of Healing | 4 | |
| Scroll of Regeneration | 2 | |
| Potion of Mana | 4 | |
| Lesser Clarity Potion | 3 | |
| Orb of Corruption | 1 | |
| Scroll of Healing | 1 | |
| Periapt of Vitality | 2 | |
| Potion of Lesser Invulnerability | 1 | |
| Boots of Speed | 1 | |
| Staff of Teleportation | 1 | |
39 total
RBI411 (
yellow | 43 APM | 1391 actions | 32:11)
4 Blademaster
2 Wind Walk
2 Critical Strike
2 Shadow Hunter
1 Healing Wave
1 Hex
» actions
| Basic commands | 19 | |
| Build / train | 67 | |
| Enter build submenu | 18 | |
| Enter hero's abilities submenu | 7 | |
| Give item / drop item | 3 | |
| Remove unit from queue | 4 | |
| Right click | 900 | |
| Select / deselect | 317 | |
| Use ability | 56 | |
1391 total
» units
| Peon | 19 | |
| Grunt | 10 | |
| Shaman | 8 | |
| Tauren | 4 | |
41 total
» upgrades
| Berserker Strength | 1 | |
| Shaman Training | 2 | |
| Pulverize | 1 | |
| Armor | 1 | |
| Melee Weapons | 1 | |
6 total
» buildings
| Altar of Storms | 1 | |
| Orc Burrow | 8 | |
| Barracks | 1 | |
| Voodoo Lounge | 1 | |
| Stronghold | 1 | |
| War Mill | 3 | |
| Spirit Lodge | 1 | |
| Fortress | 1 | |
| Tauren Totem | 2 | |
19 total
» build order
00:13 Altar of Storms
00:17 Orc Burrow
01:02 Barracks
01:28 Voodoo Lounge
02:18 Orc Burrow
04:22 Stronghold
05:06 War Mill
05:16 War Mill
06:32 War Mill
07:04 Orc Burrow
07:56 Spirit Lodge
08:00 Orc Burrow
08:03 Fortress
11:09 Tauren Totem
11:12 Tauren Totem
14:41 Orc Burrow
14:41 Orc Burrow
14:47 Orc Burrow
22:30 Orc Burrow
» items
| Healing Salve | 3 | |
| Lesser Clarity Potion | 1 | |
| Orb of Lightning | 1 | |
| Tiny Great Hall | 1 | |
6 total
team 2 (loser)

»
The_Toe008 (
green | 143 APM | 4609 actions | 32:11)
7 Tauren Chieftain
3 Endurance Aura
3 Shockwave
1 Reincarnation
6 Pandaren Brewmaster
3 Breath of Fire
2 Drunken Haze
1 Storm Earth and Fire
» actions
| Assign group hotkey | 256 | |
| Basic commands | 241 | |
| Build / train | 102 | |
| ESC pressed | 3 | |
| Enter build submenu | 16 | |
| Enter hero's abilities submenu | 13 | |
| Give item / drop item | 4 | |
| Remove unit from queue | 1 | |
| Right click | 1859 | |
| Select / deselect | 643 | |
| Select group hotkey | 1347 | |
| Use ability | 124 | |
4609 total
» units
| Peon | 17 | |
| Grunt | 8 | |
| Tauren | 12 | |
| Shaman | 11 | |
48 total
» upgrades
| Armor | 3 | |
| Melee Weapons | 3 | |
| Berserker Strength | 1 | |
| Shaman Training | 2 | |
| Reinforced Defenses | 1 | |
| Pulverize | 1 | |
11 total
» buildings
| Altar of Storms | 1 | |
| Orc Burrow | 8 | |
| Barracks | 1 | |
| Voodoo Lounge | 1 | |
| War Mill | 1 | |
| Stronghold | 2 | |
| Spirit Lodge | 1 | |
| Fortress | 2 | |
| Tauren Totem | 2 | |
| Great Hall | 1 | |
20 total
» build order
00:08 Altar of Storms
00:11 Orc Burrow
00:19 Barracks
01:31 Orc Burrow
01:57 Voodoo Lounge
02:55 Orc Burrow
03:41 War Mill
04:09 Stronghold
04:09 Stronghold
06:00 Orc Burrow
06:51 Spirit Lodge
07:12 Fortress
07:12 Fortress
09:11 Orc Burrow
09:40 Tauren Totem
09:42 Tauren Totem
09:47 Orc Burrow
11:58 Orc Burrow
15:56 Orc Burrow
16:48 Great Hall
» items
| Healing Salve | 4 | |
| Potion of Lesser Invulnerability | 1 | |
| Scroll of Protection | 1 | |
| Scroll of Healing | 1 | |
| Scroll of Town Portal | 4 | |
| Scroll of Speed | 2 | |
| Orb of Lightning | 1 | |
| Lesser Clarity Potion | 2 | |
16 total

»
FRATstar (
purple | 180 APM | 5804 actions | 32:11)
6 Pandaren Brewmaster
3 Breath of Fire
1 Drunken Haze
1 Drunken Brawler
1 Storm Earth and Fire
4 Priestess of the Moon
2 Trueshot Aura
2 Scout
» actions
| Assign group hotkey | 37 | |
| Basic commands | 260 | |
| Build / train | 123 | |
| ESC pressed | 2 | |
| Enter build submenu | 32 | |
| Enter hero's abilities submenu | 10 | |
| Give item / drop item | 4 | |
| Right click | 1203 | |
| Select / deselect | 652 | |
| Select group hotkey | 3348 | |
| Use ability | 133 | |
5804 total
» units
» upgrades
| Marksmanship | 1 | |
| Improved Bows | 1 | |
| Strength of the Moon | 3 | |
| Moon Armor | 3 | |
| Well Spring | 1 | |
| Ultravision | 1 | |
10 total
» buildings
| Altar of Elders | 1 | |
| Moon Well | 6 | |
| Ancient of War | 6 | |
| Tree of Ages | 3 | |
| Ancient of Wonders | 1 | |
| Hunter's Hall | 2 | |
| Tree of Eternity | 1 | |
| Tree of Life | 5 | |
| Ancient Protector | 14 | |
39 total
» build order
00:17 Altar of Elders
00:23 Moon Well
00:37 Ancient of War
02:42 Moon Well
03:56 Moon Well
04:18 Tree of Ages
04:19 Tree of Ages
04:19 Tree of Ages
04:58 Ancient of Wonders
05:05 Hunter's Hall
05:25 Ancient of War
06:44 Tree of Eternity
06:48 Tree of Life
07:24 Ancient of War
07:25 Ancient of War
07:35 Moon Well
07:36 Moon Well
10:55 Hunter's Hall
12:06 Ancient Protector
14:02 Ancient Protector
14:22 Ancient Protector
14:42 Ancient Protector
14:43 Ancient Protector
15:06 Ancient Protector
15:23 Ancient Protector
15:51 Ancient Protector
15:55 Ancient Protector
18:40 Ancient Protector
18:41 Ancient Protector
18:42 Ancient Protector
19:20 Ancient Protector
20:57 Ancient Protector
21:14 Ancient of War
21:15 Ancient of War
23:00 Tree of Life
25:12 Tree of Life
26:59 Tree of Life
27:32 Tree of Life
28:47 Moon Well
» items
| Potion of Mana | 7 | |
| Boots of Speed | 2 | |
| Circlet of Nobility | 2 | |
| Orb of Venom | 1 | |
| Potion of Healing | 4 | |
| Scroll of Healing | 3 | |
| Scroll of Protection | 2 | |
| Potion of Lesser Invulnerability | 2 | |
| Scroll of Town Portal | 2 | |
25 total

»
FeeDMe3 (
blue | 117 APM | 3779 actions | 32:11)
6 Keeper of the Grove
3 Entangling Roots
2 Thorns Aura
1 Tranquility
6 Priestess of the Moon
3 Trueshot Aura
2 Scout
1 Starfall
» actions
| Assign group hotkey | 63 | |
| Basic commands | 94 | |
| Build / train | 104 | |
| Enter build submenu | 20 | |
| Enter hero's abilities submenu | 12 | |
| Remove unit from queue | 6 | |
| Right click | 1452 | |
| Select / deselect | 656 | |
| Select group hotkey | 1254 | |
| Use ability | 118 | |
3779 total
» units
| Wisp | 21 | |
| Druid of the Talon | 17 | |
| Goblin Sapper | 1 | |
| Chimaera | 8 | |
| Hippogryph | 5 | |
52 total
» upgrades
| Druid of the Talon Training | 2 | |
| Mark of the Talon | 1 | |
| Strength of the Wild | 3 | |
| Reinforced Hides | 2 | |
| Corrosive Breath | 1 | |
| Well Spring | 1 | |
10 total
» buildings
| Moon Well | 7 | |
| Altar of Elders | 1 | |
| Tree of Ages | 1 | |
| Ancient of Wonders | 3 | |
| Tree of Life | 2 | |
| Ancient of Wind | 2 | |
| Tree of Eternity | 1 | |
| Hunter's Hall | 1 | |
| Chimaera Roost | 2 | |
| Ancient Protector | 1 | |
21 total
» build order
00:12 Moon Well
00:57 Altar of Elders
02:11 Tree of Ages
03:14 Ancient of Wonders
03:17 Moon Well
03:18 Moon Well
03:19 Moon Well
03:21 Moon Well
04:14 Tree of Life
04:37 Ancient of Wind
04:40 Ancient of Wind
08:32 Tree of Eternity
09:01 Moon Well
09:03 Moon Well
11:33 Hunter's Hall
13:33 Chimaera Roost
13:34 Chimaera Roost
26:57 Tree of Life
28:22 Ancient of Wonders
28:27 Ancient Protector
31:46 Ancient of Wonders
» items
| Lesser Clarity Potion | 2 | |
| Healing Salve | 2 | |
| Scroll of Speed | 3 | |
| Scroll of Town Portal | 3 | |
| Moonstone | 1 | |
| Potion of Healing | 2 | |
| Potion of Lesser Invulnerability | 1 | |
| Scroll of Healing | 3 | |
| Scroll of Protection | 3 | |
20 total
gila16 (
red | 33 APM | 1061 actions | 32:11)
4 Death Knight
2 Death Coil
2 Unholy Aura
3 Lich
2 Frost Armor
1 Frost Nova
» actions
| Assign group hotkey | 9 | |
| Basic commands | 522 | |
| Build / train | 88 | |
| Enter build submenu | 18 | |
| Enter hero's abilities submenu | 7 | |
| Right click | 39 | |
| Select / deselect | 220 | |
| Select group hotkey | 100 | |
| Use ability | 58 | |
1061 total
» units
| Acolyte | 26 | |
| Ghoul | 4 | |
| Crypt Fiend | 14 | |
| Frost Wyrm | 11 | |
55 total
» upgrades
| Creature Attack | 3 | |
| Creature Carapace | 3 | |
| Web | 1 | |
| Freezing Breath | 1 | |
8 total
» buildings
| Altar of Darkness | 1 | |
| Ziggurat | 11 | |
| Crypt | 1 | |
| Graveyard | 1 | |
| Tomb of Relics | 1 | |
| Halls of the Dead | 1 | |
| Nerubian Tower | 2 | |
| Spirit Tower | 8 | |
| Black Citadel | 1 | |
| Sacrificial Pit | 1 | |
| Boneyard | 2 | |
30 total
» build order
00:17 Altar of Darkness
00:21 Ziggurat
00:35 Crypt
01:03 Graveyard
01:27 Ziggurat
03:13 Ziggurat
05:15 Tomb of Relics
05:27 Halls of the Dead
05:38 Ziggurat
06:42 Ziggurat
06:44 Ziggurat
06:45 Ziggurat
06:46 Ziggurat
06:47 Ziggurat
07:44 Nerubian Tower
07:46 Spirit Tower
07:47 Spirit Tower
08:00 Spirit Tower
08:02 Spirit Tower
08:48 Black Citadel
09:16 Ziggurat
09:18 Ziggurat
09:42 Sacrificial Pit
11:12 Boneyard
11:31 Boneyard
12:31 Spirit Tower
12:33 Spirit Tower
12:34 Spirit Tower
13:27 Spirit Tower
13:28 Nerubian Tower
» items
| Orb of Corruption | 1 | |
| Scroll of Town Portal | 2 | |
| Potion of Healing | 1 | |
4 total
Chat log
(00:11 / Allies) merch1703: 100 gold?
(02:06 / Allies) merch1703: teal u expoing here?
(02:16 / Allies) 418: was going to take the middle
(02:25 / Allies) merch1703: k ill be ready to clear in a sec
(03:03 / Allies) merch1703: omw
(03:46 / Allies) merch1703: thids 1?
(05:54 / Allies) 418: wood
(06:21 / Allies) 418: wood so i can tech
(06:45 / Allies) lllove: damn man why woudl you wake them when blue right there
(06:51 / Allies) lllove: I need level 3
(07:08 / Allies) RBI411: hadnt meant to do that
(07:18 / Allies) 418: go
(07:53 / Allies) 418: get the ones upgrading
(08:40 / Allies) lllove: out?
(08:46 / Allies) RBI411: yeah
(09:13 / Allies) merch1703: lumber me fast
(10:21 / Allies) merch1703: lumber for frosts
(10:24 / Allies) merch1703: im pumpin
(11:16 / Allies) 418: wood
(11:58 / Allies) lllove: they're about to attack me
(12:24 / All) FRATstar: R
(13:57 / Allies) RBI411: now we get a tp
(14:44 / Allies) merch1703: gold me pink
(16:58 / Allies) 418: need fiends
(17:06 / Allies) lllove: lawl
(17:08 / Allies) lllove: that was dumb
(17:15 / Allies) lllove: wood
(17:54 / Allies) lllove: lumbeR?
(18:50 / Allies) 418: stop
(18:50 / Allies) 418: making
(18:51 / Allies) 418: wyrms
(20:14 / Allies) 418: jesus christ
(20:30 / Allies) lllove: you guys make 0 good decisions ever
(23:07 / Allies) 418: would it have killed you to make a destroyer
(23:11 / Allies) 418: when he literally made nothing but dotts
(23:36 / Allies) 418: still you make wyrms
(23:57 / Allies) lllove: lumber
(24:13 / Allies) lllove: lumber hurry
(24:16 / Allies) lllove: lumber
(24:30 / Allies) RBI411: my last 100
(25:11 / Allies) merch1703: dragon
(26:10 / Allies) merch1703: b
(26:11 / Allies) merch1703: b
(26:17 / Allies) lllove: nice
(27:40 / Allies) 418: a handful of destroyres won this
(27:42 / Allies) 418: but no
(27:46 / Allies) 418: you kept making wyrms
(28:46 / Allies) 418: losing to my own strategy
(28:54 / Allies) lllove: need 100 gold for tp staff
(29:00 / All) FeeDMe3: rawr!
(29:13 / Allies) 418: nigger are you serios
(29:16 / Allies) 418: you never even bought an orb
(29:29 / Allies) 418: time to die
(29:57 / Allies) 418: just die
(30:45 / Allies) 418: why you would make wyrms against 80 food of dotts without a single fucking destroyer
(30:49 / Allies) 418: i just dont know
(31:48 / All) lllove: truly a disappointing ordeal this match was
(32:03 / All) FRATstar: tbh I just got mass archers
(32:09 / All) RBI411: we noticed